 Dungeon Crawl Stone Soup version 0.28-a0-1510-gd0f6b136d3 (console) character file.

Game seed: 17923458399991109785

51450 jejorda2 the Impaler (level 14, -1/115 HPs)
             Began as a Merfolk Berserker on Jan 15, 2022.
             Was a High Priest of Trog.
             Slain by a polar bear (12 damage)
             ... on level 6 of the Lair of Beasts on Jan 16, 2022.
             The game lasted 00:44:22 (22293 turns).

jejorda2 the Impaler (Merfolk Berserker)           Turns: 22293, Time: 00:44:23

Health: -1/115     AC: 21    Str: 22    XL:     14   Next: 59%
Magic:  0/14       EV: 13    Int:  7    God:    Trog [*****.]
Gold:   700        SH:  0    Dex: 13    Spells: 13/13 levels left

rFire   + . .      SeeInvis .   a - +0 glaive
rCold   . . .      Faith    .   (shield currently unavailable)
rNeg    . . .      Spirit   +   S - +0 fire dragon scales
rPois   +          Reflect  .   d - +2 helmet
rElec   .          Harm     .   f - +1 cloak
rCorr   .          Rampage  +   (no gloves)
Will    +++..                   z - +2 pair of boots {rampage}
Stlth   ..........              l - amulet of guardian spirit
HPRegen 1.29/turn               A - ring of poison resistance
MPRegen 0.14/turn               K - ring of ice

@: strong-willed, on berserk cooldown, regenerating, invisible
A: (nimble swimmer 2), mertail
a: Renounce Religion, Berserk, Trog's Hand, Brothers in Arms


You were on level 6 of the Lair of Beasts.
You worshipped Trog.
Trog was extremely pleased with you.
You visited 2 branches of the dungeon, and saw 16 of its levels.

You collected 1542 gold pieces.
You spent 842 gold pieces at shops.

Inventory:

Hand Weapons
 a - a +0 glaive (weapon)
 b - a +2 trident of flaming
Missiles
 g - 556 stones
 x - 4 throwing nets
 y - 11 boomerangs
 G - 5 silver boomerangs
 M - 16 poisoned darts (quivered)
Armour
 d - a +2 helmet (worn)
 f - a +1 cloak (worn)
 z - a +2 pair of boots of rampaging (worn)
 F - a +0 plate armour
 S - +0 fire dragon scales (worn)
Jewellery
 l - an amulet of guardian spirit (around neck)
 A - a ring of poison resistance (left hand)
 I - a ring of see invisible
 K - a ring of ice (right hand)
Wands
 m - a wand of flame (20)
 r - a wand of mindburst (4)
 t - a wand of iceblast (10)
 v - a wand of digging (6)
 B - a wand of paralysis (11)
 E - a wand of charming (12)
Scrolls
 c - 4 scrolls of fog
 e - a scroll of magic mapping
 j - 5 scrolls of teleportation
 o - 2 scrolls of torment
 s - 2 scrolls of fear
 D - 5 scrolls of blinking
 J - 2 scrolls of enchant weapon
 L - a scroll of holy word
Potions
 h - a potion of cancellation {unknown}
 i - 4 potions of mutation
 n - 4 potions of might
 p - a potion of heal wounds
 q - 5 potions of curing
 u - 2 potions of flight
 w - 3 potions of haste
 C - a potion of lignification
 H - a potion of attraction
 P - 2 potions of resistance
 R - a potion of berserk rage {unknown}
Miscellaneous
 O - a tin of tremorstones (1/2)
 Q - a lightning rod (4/4)


   Skills:
 - Level 12.0 Fighting
 - Level 20.0 Polearms
 + Level 11.7 Armour
 - Level 8.0 Dodging
 - Level 9.0 Evocations


You had 13 spell levels left.
You didn't know any spells.
Your spell library was empty.

Dungeon Overview and Level Annotations

Branches:
Dungeon (10/15)            Temple (0/1) D:5            Lair (6/6) D:9
  Swamp (0/4) Lair:4       Spider (0/4) Lair:2        Slime (0/5) Lair:5
    Orc: D:9-12

Altars:
Elyvilon
Okawaru
Qazlal
Trog
Jiyva

Shops:
D:3 [   D:7 *:   D:9 *


Innate Abilities, Weirdness & Mutations

((You are very nimble when in or above water. (Stealth+, EV+, Speed+++)))
Your lower body shifts to a powerful aquatic tail in water.


Message History

* * * LOW HITPOINT WARNING * * *
You hear a howl!
Unknown command.
Unknown command.
Unknown command.
Unknown command.
Unknown command.
Unknown command.
Press: ? - help, v - describe, . - travel
Here: a raiju (lightly wounded)
The floor, spattered with blood.
Unknown command.
Unknown command.
Unknown command.
Okay, then.
Unknown command.
Unknown command.
Aiming: Paralyse
Press: ? - help, Shift-Dir - straight line, f - raiju
Aim: a raiju (lightly wounded, chance to affect: 69%)
The raiju suddenly stops moving!
You feel yourself speed up. The polar bear barely misses you.
The polar bear claws you but does no damage.
The polar bear barely misses you. The polar bear closely misses you.
The polar bear barely misses you. x2
You hear an angry growl.
Unknown command.
You slash the polar bear!
The polar bear is almost dead.
You hear an angry growl.
You hear a bark!
You hear an angry hiss.
You hear an angry growl.
The polar bear barely misses you.
The polar bear claws you but does no damage.
The polar bear closely misses you.
You catch the helpless polar bear completely off-guard!
You hit the polar bear.
The polar bear is almost dead.
The polar bear bites you!
You die...

######...... ##.....
##.... ##### ####†.†P
##..#.# ########...#...
#$...#.##.#.#.#.....#..
###...†#.#............#.
..(.(hh#........#...####
#@h.†#...#.#### #
###..####### #..# #....
##.... ##..... ##.#. ##


You could see 2 polar bears and a raiju (paralysed).

Vanquished Creatures
  A fire dragon (Lair:6)
  Harold (D:10)
  Fannar (Lair:1)
  8 hydras
  3 anacondas (Lair:2)
  A two-headed ogre (D:8)
  An alligator (Lair:2)
  4 death yaks (Lair:6)
  Nergalle (Lair:1)
  A fire crab (Lair:2)
  A lindwurm (Lair:6)
  Pikel (D:8)
  3 black mambas
  13 elephants
  6 torpor snails
  9 cane toads
  6 rime drakes
  10 komodo dragons
  4 polar bears
  3 trolls
  4 tyrant leeches (Lair:6)
  10 hornets
  A raiju (Lair:6)
  10 dream sheep
  25 blink frogs
  The ghost of fragbeetle the Cudgeller, an amateur TrBe of Trog (D:4)
  3 wraiths
  Sigmund (D:6)
  3 wyverns
  19 yaks
  3 basilisks
  A redback (Lair:2)
  Menkaure (D:7)
  A steam dragon (Lair:2)
  2 wargs (Lair:6)
  Duvessa (D:5)
  5 hell hounds (Lair:6)
  8 water moccasins
  2 ice beasts
  9 black bears
  3 orc warriors
  3 sky beasts
  2 necrophages (D:4)
  2 ogres (D:6)
  15 wolves
  A centaur (D:9)
  3 phantoms
  2 gnoll sergeants (D:9)
  A kobold brigand (D:9)
  9 bullfrogs
  A wyvern zombie (D:4)
  A scorpion (Lair:2)
  A water moccasin zombie (D:6)
  A wyvern skeleton (D:7)
  A water moccasin skeleton (D:4)
  Dowan (D:5)
  6 killer bees (D:10)
  An electric eel (Lair:4)
  3 wights (D:10)
  A howler monkey (D:10)
  A lava snake (Lair:4)
  4 centaur zombies
  A gnoll shaman (D:9)
  2 hounds
  4 orc priests
  A centaur skeleton (D:5)
  5 iguanas
  A bullfrog skeleton (D:4)
  A hell rat (Lair:2)
  2 orc wizards
  A hound skeleton (D:4)
  2 howler monkey zombies (D:9)
  20 gnolls
  8 adders
  2 white imps
  2 ufetubi (D:5)
  An adder skeleton (D:4)
  2 worms (D:3)
  4 dart slugs
  30 orcs
  8 ball pythons
  3 bats (D:2)
  12 endoplasms
  3 giant cockroaches
  8 goblins
  11 hobgoblins
  5 jackals (D:2)
  6 quokkas
  4 frilled lizards
  5 kobolds
  4 rats (D:2)
409 creatures vanquished.

Vanquished Creatures (collateral kills)
  2 dream sheep (Lair:6)
2 creatures vanquished.

Vanquished Creatures (others)
  A bush (Lair:6)
  57 fungi
  208 plants
266 creatures vanquished.

Grand Total: 677 creatures vanquished

Notes
Turn   | Place    | Note
-------+----------+-------------------------------------------
     0 | D:1      | jejorda2 the Merfolk Berserker began the quest for the Orb.
     0 | D:1      | Reached XP level 1. HP: 18/18 MP: 1/1
   202 | D:1      | Reached XP level 2. HP: 21/24 MP: 2/2
   298 | D:1      | Reached skill level 5 in Polearms
   711 | D:1      | Reached XP level 3. HP: 29/29 MP: 3/3
   866 | D:2      | Reached ** piety under Trog
  1102 | D:2      | You fall into a shaft and drop 1 floor!
  1208 | D:3      | Reached XP level 4. HP: 37/37 MP: 4/4
  1379 | D:3      | Found Owkuyps's Armour Shop.
  1395 | D:3      | Reached skill level 6 in Polearms
  2265 | D:4      | Found a runed translucent door.
  2273 | D:4      | Noticed fragbeetle's ghost (amateur TrBe)
  2305 | D:4      | Reached XP level 5. HP: 24/42 MP: 3/5
  2309 | D:4      | Noticed a necrophage
  2339 | D:4      | Killed a necrophage
  2340 | D:4      | Reached skill level 7 in Polearms
  2340 | D:4      | Reached XP level 6. HP: 49/49 MP: 4/6
  2434 | D:4      | Noticed a black bear
  2451 | D:4      | Killed a black bear
  2452 | D:4      | Reached skill level 8 in Polearms
  2533 | D:4      | Noticed a necrophage
  2541 | D:4      | Killed a necrophage
  2542 | D:4      | Reached skill level 5 in Fighting
  2542 | D:4      | Reached XP level 7. HP: 56/56 MP: 7/7
  2917 | D:4      | Reached skill level 9 in Polearms
  3052 | D:4      | Reached *** piety under Trog
  3404 | D:4      | Killed fragbeetle's ghost
  3594 | D:5      | Entered Level 5 of the Dungeon
  3668 | D:3      | Bought a +1 helmet for 161 gold pieces
  3826 | D:5      | Found a staircase to the Ecumenical Temple.
  3835 | D:5      | Reached XP level 8. HP: 64/64 MP: 8/8
  3969 | D:5      | Reached skill level 10 in Polearms
  3972 | D:5      | Found a white marble altar of Elyvilon.
  4144 | D:5      | Noticed Dowan
  4149 | D:5      | Noticed Duvessa
  4161 | D:5      | Killed Duvessa
  4167 | D:5      | Killed Dowan
  4220 | D:5      | Found a transporter.
  4390 | D:5      | Found a transporter.
  4707 | D:6      | Reached skill level 11 in Polearms
  4789 | D:6      | Found a bloodstained altar of Trog.
  5068 | D:6      | Reached skill level 12 in Polearms
  5068 | D:6      | Reached XP level 9. HP: 71/71 MP: 9/9
  5546 | D:6      | Noticed Sigmund
  5559 | D:6      | Killed Sigmund
  5948 | D:7      | Noticed Menkaure
  5956 | D:7      | HP: 2/72 [Menkaure (14)]
  5958 | D:7      | Killed Menkaure
  5959 | D:7      | Reached skill level 13 in Polearms
  6244 | D:7      | Reached skill level 5 in Armour
  6290 | D:7      | Found a stormy altar of Qazlal.
  6523 | D:7      | Found Qogiocs's Book Shop.
  6554 | D:7      | Found Guso's General Store.
  6858 | D:3      | Bought a +1 pair of boots of rampaging for 231 gold pieces
  7167 | D:8      | Found an iron altar of Okawaru.
  7224 | D:8      | Reached skill level 14 in Polearms
  7343 | D:8      | Noticed a two-headed ogre
  7350 | D:8      | Killed a two-headed ogre
  7351 | D:8      | Reached skill level 15 in Polearms
  7351 | D:8      | Reached XP level 10. HP: 79/79 MP: 7/10
  7537 | D:8      | Reached **** piety under Trog
  7749 | D:8      | Noticed Pikel
  7760 | D:8      | Killed Pikel
  7924 | D:8      | Reached skill level 16 in Polearms
  8369 | D:9      | Found a staircase to the Lair.
  8887 | D:9      | Reached skill level 17 in Polearms
  8926 | D:9      | Found Loovaas's General Store.
  9277 | D:10     | Entered Level 10 of the Dungeon
  9490 | D:10     | Reached XP level 11. HP: 66/84 MP: 8/11
  9645 | D:10     | Reached skill level 18 in Polearms
  9993 | D:10     | Noticed Harold
 10002 | D:10     | Killed Harold
 10226 | D:10     | Reached skill level 19 in Polearms
 10430 | Lair:1   | Entered Level 1 of the Lair of Beasts
 10588 | Lair:1   | Noticed a six-headed hydra
 10599 | Lair:1   | Killed a six-headed hydra
 10600 | Lair:1   | Reached skill level 1 in Evocations
 11048 | Lair:1   | Noticed Fannar
 11048 | Lair:1   | Noticed Nergalle
 11072 | Lair:1   | Killed Nergalle
 11073 | Lair:1   | Reached skill level 20 in Polearms
 11078 | Lair:1   | Killed Fannar
 11990 | Lair:2   | Found a hole to the Spider Nest.
 12168 | Lair:2   | Reached skill level 5 in Evocations
 12204 | Lair:2   | Noticed an anaconda
 12204 | Lair:2   | Noticed an anaconda
 12566 | Lair:2   | Killed an anaconda
 12573 | Lair:2   | Reached XP level 12. HP: 91/91 MP: 9/12
 12717 | Lair:2   | Noticed a seven-headed hydra
 12726 | Lair:2   | Killed a seven-headed hydra
 13132 | Lair:2   | Killed an anaconda
 13169 | Lair:2   | Reached skill level 5 in Dodging
 13213 | Lair:2   | Noticed an alligator
 13213 | Lair:2   | Noticed an anaconda
 13235 | Lair:2   | Killed an alligator
 13343 | Lair:2   | Killed an anaconda
 13475 | Lair:2   | Identified the +2 robe of the Stonemason {rF+ rN+ MP+9}
 13935 | Lair:2   | Found a hole to the Spider Nest.
 14869 | Lair:3   | Noticed a seven-headed hydra
 14876 | Lair:3   | Killed a seven-headed hydra
 14893 | Lair:3   | Noticed a four-headed hydra
 14908 | Lair:3   | Killed a four-headed hydra
 14909 | Lair:3   | Reached XP level 13. HP: 27/101 MP: 4/13
 16145 | Lair:3   | Reached skill level 10 in Fighting
 16829 | Lair:4   | Found a staircase to the Swamp.
 17272 | D:7      | Bought a lightning rod (4/4) for 450 gold pieces
 17895 | Lair:5   | Identified the +0 buckler of Isic {rPois Will+ Int+4}
 18985 | Lair:5   | Found a viscous altar of Jiyva.
 18985 | Lair:5   | Found a staircase to the Slime Pits.
 19039 | Lair:6   | Entered Level 6 of the Lair of Beasts
 20200 | Lair:6   | Found a runed translucent door.
 20201 | Lair:6   | Noticed a fire dragon
 20217 | Lair:6   | Killed a fire dragon
 20437 | Lair:6   | Reached XP level 14. HP: 114/114 MP: 14/14
 20503 | Lair:6   | Reached skill level 10 in Armour
 21026 | Lair:6   | Identified the +9 dagger "Patualesch" {flame, Contam rElec
                  | Int+3}
 22260 | Lair:6   | Reached ***** piety under Trog
 22293 | Lair:6   | Slain by a polar bear

Illustrated notes

Levels and vault maps discovered:
D:1:      tarquinn_simple_flora_water_d, layout_basic
D:2:      layout_basic, minmay_close_crescents
D:3:      layout_loops_ring, serial_shops, nicolae_diamond_shop
D:4:      layout_gridville, ebering_ghost_sewer_d, minmay_fractal_squares_5
D:5:      gammafunk_wand_slinger, layout_cave_pools, old_standard_altar,
          minmay_temple_entry_drinking_statues, uniq_duvessa
D:6:      layout_loops_cross, mainiacjoe_overflow_surrounded_room,
          serial_co_window_serial, co_window_corner_a, co_window_corner_a,
          co_window_paths_a, co_window_corner_a, co_window_cross_1,
          co_window_corner_a, co_window_paths_b, co_window_corner_b,
          co_window_unsneaky_path_d, co_window_corner_b, co_window_paths_d,
          co_window_4corner_b, glass_columns_a, glass_columns_a,
          glass_columns_b, glass_columns_b, glass_columns_b, uniq_sigmund
D:7:      layout_basic, general_overflow_altar, serial_shops,
          nicolae_take_the_stairs, nicolae_shop_hallway_plus, uniq_menkaure
D:8:      layout_basic, mainiacjoe_overflow_alcove_4, minmay_misc_feat_chi,
          nicolae_elevator_lobby_asterisk, uniq_pikel
D:9:      layout_basic, david_lair_shrubbed, serial_shops,
          nicolae_shop_statue_plus
D:10:     layout_irregular_city, uniq_harold
Lair:1:   layout_hall_layers, serial_rivers, chequers_serial_rivers_small_a,
          chequers_serial_rivers_room_a, chequers_serial_rivers_micro_b,
          chequers_serial_rivers_large_a, chequers_serial_rivers_room_b,
          chequers_serial_rivers_small_3, uniq_fannar, uniq_nergalle
Lair:2:   layout_regular_city, spider_nest_entry_a,
          chequers_serial_rivers_small_a, nicolae_lair_lakeside_cave
Lair:3:   layout_hall_layers, chequers_serial_rivers_micro_c,
          chequers_serial_rivers_micro_c
Lair:4:   layout_gridlike, swamp_mist_pool
Lair:5:   layout_long_grid, dpeg_slime_entry_enclosed_altar, serial_forest,
          infiniplex_forest_diagonal, infiniplex_forest_zigzag_1,
          infiniplex_forest_clump_cross, infiniplex_forest_zigzag_1,
          infiniplex_forest_clump_cross, infiniplex_forest_clump_long,
          infiniplex_forest_clump_medium, grunt_megastairs_2, lemuel_fruit_tree,
          serial_bayou_shore_b
Lair:6:   hangedman_lair_caniforms_friends, layout_concentric_octagons,
          wormcave, st_stairs_7, nicolae_lair_grazing_beasts
          [nicolae_sub_lair_graze_edge, nicolae_sub_lair_graze_edge,
          nicolae_sub_lair_graze_edge, nicolae_sub_lair_graze_edge]

Skill      XL: |  1  2  3  4  5  6  7  8  9 10 11 12 13 14 |
---------------+-------------------------------------------+-----
Polearms       | 5 6 7 8 9 12 15 17 20 | 20.0
Armour         | 2 3 4 5 7 8 9 11 | 11.7
Fighting       | 4 5 6 7 9 11 12 | 12.0
Evocations     | 6 9 |  9.0
Dodging        | 3 8 |  8.0

Action                   |  1- 3 |  4- 6 |  7- 9 | 10-12 | 13-15 || total
-------------------------+-------+-------+-------+-------+-------++-------
Melee: Spear             |   123 |   163 |    40 |       |       ||   326
       Punch             |     2 |     2 |     1 |     2 |       ||     7
       Halberd           |       |       |   258 |   440 |       ||   698
       Trident           |       |       |       |    26 |   126 ||   152
       Tailslap          |       |       |       |    10 |       ||    10
       Glaive            |       |       |       |    84 |   585 ||   669
Throw: Stone             |       |     9 |     6 |     1 |    12 ||    28
       Dart              |       |       |       |       |     3 ||     3
Invok: Berserk           |       |     3 |     7 |    10 |     7 ||    27
       Trog's Hand       |       |     1 |     2 |     1 |     2 ||     6
       Brothers in Arms  |       |       |       |     1 |     1 ||     2
Evoke: Wand              |       |       |     1 |     1 |     1 ||     3
       Tin of tremorston |       |       |       |       |     1 ||     1
  Use: Scroll            |       |       |    14 |    13 |     2 ||    29
       Potion            |       |       |       |       |     2 ||     2
 Stab: Sleeping          |       |       |     1 |       |       ||     1
       Paralysed         |       |       |       |     2 |       ||     2
       Invisible         |       |       |       |       |     1 ||     1
Armor: Animal skin       |     1 |       |       |       |       ||     1
       Ring mail         |    22 |     1 |       |       |       ||    23
       Leather armour    |     1 |       |    36 |     4 |       ||    41
       Scale mail        |       |    41 |    44 |       |       ||    85
       Chain mail        |       |       |       |    50 |       ||    50
       Plate armour      |       |       |       |   226 |   195 ||   421
       Fire dragon scale |       |       |       |       |   156 ||   156
Dodge: Dodged            |    36 |    44 |   112 |   177 |   306 ||   675

Table legend: (Time is in decaauts)
 A = Elapsed time spent in this place.
 B = Non-inter-level travel time spent in this place.
 C = Inter-level travel time spent in this place.
 D = Time resting spent in this place.
 E = Time spent auto-exploring this place.
 F = Levels seen in this place.
 G = Mean time per level.
                   A        B        C        D        E       F      G
               +--------+--------+--------+--------+--------+-----+--------+
         Total |  22005 |  20624 |   1381 |   2167 |  15405 |  16 | 1375.3 |
       Dungeon |  10603 |   9656 |    947 |    621 |   7402 |  10 | 1060.3 |
          Lair |  11402 |  10968 |    434 |   1546 |   8002 |   6 | 1900.3 |
               +--------+--------+--------+--------+--------+-----+--------+

Top non-repeatable levels by time:
  Lair:6: 2650 daAuts
  Lair:2: 2193 daAuts
  Lair:5: 1783 daAuts
  Lair:3: 1738 daAuts
  Lair:1: 1719 daAuts
     D:4: 1478 daAuts
     D:9: 1416 daAuts
  Lair:4: 1317 daAuts
     D:7: 1207 daAuts
     D:6: 1091 daAuts
    D:10: 1082 daAuts
     D:5: 1019 daAuts
     D:8: 967 daAuts
     D:3: 825 daAuts
     D:1: 807 daAuts
